 Dungeon Crawl Stone Soup version 0.24.0-13-gcf9b319 (webtiles) character file.

Game seed: 13811613511126094052, levelgen mode: deterministic

1000 Aeroq the Conjurer (level 8, 0/61 HPs)
             Began as a Green Draconian Conjurer on Mar 13, 2020.
             Was an Initiate of Vehumet.
             Slain by a bullfrog (8 damage)
             ... on level 6 of the Dungeon.
             The game lasted 00:16:14 (9971 turns).

Aeroq the Conjurer (Green Draconian Conjurer)       Turns: 9971, Time: 00:16:14

Health: 0/61       AC: 17    Str: 10    XL:     8   Next: 0%
Magic:  1/14       EV: 14    Int: 22    God:    Vehumet [......]
Gold:   219        SH:  0    Dex: 13    Spells: 5/15 levels left

rFire    . . .     SeeInvis .   r - +3 dagger (protect)
rCold    . . .     Gourm    .   (no shield)
rNeg     . . .     Faith    .   (armour unavailable)
rPois    +         Spirit   .   (helmet restricted)
rElec    .         Reflect  .   e - +1 cloak
rCorr    +         Harm     .   u - +1 pair of gloves
MR       .....                  (no boots)
Stlth    ++........             (no amulet)
HPRegen  0.20/turn              k - ring of resist corrosion
MPRegen  0.14/turn              (no ring)

@: brilliant, marked, protection aura, very slightly contaminated, slowed, very
slow
A: breathe noxious fumes, unfitting armour, poison resistance, cold-blooded, AC
+6
a: Breathe Noxious Fumes, Renounce Religion


You were on level 6 of the Dungeon.
You worshipped Vehumet.
Vehumet was noncommittal.
You were full.

You visited 2 branches of the dungeon, and saw 7 of its levels.

You collected 284 gold pieces.
You spent 65 gold pieces at shops.

Inventory:

Hand Weapons
 r - a +3 dagger of protection (weapon)
Armour
 e - a +1 cloak (worn)
 u - a +1 pair of gloves (worn)
Magical Staves
 y - an uncursed staff of conjuration
Jewellery
 b - an uncursed amulet of harm
 k - a ring of resist corrosion (left hand)
Wands
 f - a wand of paralysis (3)
 v - a wand of disintegration (5)
Scrolls
 c - 2 scrolls of remove curse
 d - a scroll of amnesia
 h - 4 scrolls of magic mapping
 m - 2 scrolls of enchant armour
 n - 2 scrolls of identify
Potions
 a - a potion of cancellation
 j - 3 potions of brilliance
 l - a potion of mutation
 o - a potion of agility
Comestibles
 i - a chunk of flesh
 q - 2 rations


   Skills:
 + Level 2.1 Fighting
 + Level 4.3 Dodging
 - Level 1.7 Stealth
 + Level 4.4 Spellcasting
 * Level 7.5 Conjurations


You had 5 spell levels left.
You knew the following spells:

 Your Spells              Type           Power        Failure   Level  Hunger
a - Magic Dart            Conj           ####         1%          1    None
b - Searing Ray           Conj           ######       1%          2    #......
c - Dazzling Spray        Conj/Hex       ####..       1%          3    ##.....
d - Iskenderun's Mystic   Conj           ######..     1%          4    ####...

Your spell library contained the following spells:

 Spells                   Type           Power        Failure   Level  Hunger
 Freeze                   Ice            ###.         1%          1    None
 Throw Frost              Conj/Ice       ####..       1%          2    #......
 Force Lance              Conj/Tloc      ####....     2%          4    ####...
 Fulminant Prism          Conj/Hex       ####......   2%          4    ####...
 Throw Icicle             Conj/Ice       ####....     2%          4    ####...
 Ozocubu's Armour         Chrm/Ice       ###.....     4%          3    ##.....
 Summon Ice Beast         Ice/Summ       ###.....     12%         4    ####...


Dungeon Overview and Level Annotations

Branches:
Dungeon (6/15)             Temple (1/1) D:4

Altars:
Cheibriados
Fedhas
Gozag
Hepliaklqana
Makhleb
Nemelex Xobeh
Okawaru
Ru
Sif Muna
Trog
Vehumet
Xom
Yredelemnul
Zin
The Shining One

Shops:
D:6 !


Innate Abilities, Weirdness & Mutations

You can breathe blasts of noxious fumes.
Your lurid green scales are hard. (AC +6)
You cannot fit into any form of body armour.
Your system is resistant to poisons. (rPois)
You are cold-blooded and may be slowed by cold attacks.


Message History

b - an uncursed amulet of harm The iguana bites you.
The bullfrog barely misses you.
The ice beast hits you but does no damage.
As you read the scroll of identify, it crumbles to dust.
l - a potion of mutation The bullfrog barely misses you.
The iguana misses you. The bullfrog closely misses you.
The ice beast completely misses you.
You feel clever all of a sudden. The iguana bites you.
The bullfrog closely misses you. The ice beast hits you.
The ice beast freezes you!
You feel yourself slow down.
* * * LOW HITPOINT WARNING * * *
Unknown command.
You hit the iguana.
Your weapon exudes an aura of protection.
The iguana is moderately wounded.
The bullfrog hits you but does no damage.
The iguana closely misses you. The bullfrog completely misses you.
The ice beast barely misses you. The iguana closely misses you.
The bullfrog hits you!
You die...

#.#....##...........
#.##.[.##.)....#
#h##...##.....##
#.##...##.....#
#.##...###8##.#
#.##....##÷##.##
###.##.#..8.∩.8hs#
.....hh##..#.##Fl#
......h##...8###@#
.......##....# #Y#
....$.!##.Y### #S# .
.......##..# #r{ ..
## ............


.lZ ... . ............ ##.. #..#. ......###..# .. #...# ..=...# .. ... ####..Z#
#....F.< You could see a black bear, an ice beast, a bullfrog, a scorpion, 2
iguanas, an adder, a bullfrog zombie and a quokka.

Vanquished Creatures
  Sigmund (D:3)
  Eustachio (D:5)
  Menkaure (D:4)
  An ogre (D:5)
  2 orc priests
  3 hounds
  Ijyb (D:4)
  4 orc wizards
  3 worker ants
  6 adders
  An adder skeleton (D:4)
  A worm (D:2)
  3 dart slugs
  6 leopard geckos
  12 orcs
  A ball python (D:2)
  3 giant cockroaches
  8 goblins
  5 hobgoblins
  8 jackals
  5 kobolds
  4 quokkas
  6 bats
  4 frilled lizards
  7 rats
97 creatures vanquished.

Notes
Turn   | Place    | Note
-------+----------+-------------------------------------------
     0 | D:1      | Aeroq the Draconian Conjurer began the quest for the Orb.
     0 | D:1      | Reached XP level 1. HP: 14/14 MP: 3/3
   618 | D:1      | Reached XP level 2. HP: 18/20 MP: 0/5
  2482 | D:2      | Reached XP level 3. HP: 16/26 MP: 0/6
  2658 | D:1      | Learned a level 2 spell: Searing Ray
  2858 | D:2      | Learned a level 3 spell: Dazzling Spray
  3227 | D:2      | Reached XP level 4. HP: 27/33 MP: 2/7
  4209 | D:3      | Reached skill level 5 in Conjurations
  4422 | D:3      | Noticed Sigmund
  4475 | D:3      | Killed Sigmund
  4475 | D:3      | Reached XP level 5. HP: 24/38 MP: 1/9
  5438 | D:3      | Reached XP level 6. HP: 45/45 MP: 7/11
  6148 | D:4      | Reached skill level 6 in Conjurations
  6379 | D:4      | Noticed Ijyb
  6581 | D:4      | Found a staircase to the Ecumenical Temple.
  6590 | Temple   | Entered the Ecumenical Temple
  6613 | Temple   | Became a worshipper of Vehumet
  7412 | D:4      | Noticed Menkaure
  7419 | D:4      | Killed Menkaure
  7419 | D:4      | Your scales start taking on a lurid green colour.
  7419 | D:4      | Reached XP level 7. HP: 35/50 MP: 4/12
  7419 | D:4      | Gained mutation: Your system is resistant to poisons.
                  | (rPois) [Green Draconian growth]
  7727 | D:4      | Killed Ijyb
  7979 | D:5      | Entered Level 5 of the Dungeon
  8069 | D:5      | Learned a level 4 spell: Iskenderun's Mystic Blast
  8094 | D:5      | Noticed Eustachio
  8463 | D:5      | Reached skill level 7 in Conjurations
  8769 | D:5      | Killed Eustachio
  8769 | D:5      | Reached skill level 1 in Fighting
  9920 | D:6      | Found Uhoxkeoh's Distillery.
  9926 | D:6      | Bought a potion of heal wounds for 65 gold pieces
  9965 | D:6      | Reached XP level 8. HP: 49/61 MP: 2/14
  9971 | D:6      | Slain by a bullfrog

Levels and vault maps discovered:
D:1:      minmay_arrival_up_and_down, layout_loops_ring
D:2:      layout_basic, kennysheep_generic_room_13
D:3:      layout_basic, grunt_ministairs_7, uniq_sigmund
D:4:      layout_basic, minmay_temple_entry_glassed_door,
          kennysheep_pointless_box, uniq_menkaure, uniq_ijyb
D:5:      layout_loops_ring, first_ration, uniq_eustachio
D:6:      layout_rooms, serial_shops, nicolae_shop_behind_doors,
          nicolae_shop_statue_plus, shop, shop, basic_altar
Temple:   grunt_wide_crystal_templ

Skill      XL: |  1  2  3  4  5  6  7 |
---------------+----------------------+-----
Dodging        | 2 3 4 |  4.3
Conjurations   | 5 6 7 |  7.5
Spellcasting   | 3 4 |  4.4
Fighting       | 2 |  2.1
Stealth        | |  1.7

Action                   |  1- 3 |  4- 6 |  7- 9 || total
-------------------------+-------+-------+-------++-------
Melee: Unarmed           |    28 |       |       ||    28
       Tailslap          |     5 |     8 |     7 ||    20
       Spear             |    22 |    46 |       ||    68
       Dagger            |       |    31 |    25 ||    56
       Staff             |       |       |    49 ||    49
 Cast: Magic Dart        |    64 |    24 |    39 ||   127
       Searing Ray       |     1 |    15 |    18 ||    34
       Dazzling Spray    |       |       |     3 ||     3
 Abil: Breathe Noxious F |       |       |     1 ||     1
Evoke: Wand              |       |       |     2 ||     2
  Use: Scroll            |       |     3 |     8 ||    11
       Potion            |       |       |    12 ||    12
 Stab: Sleeping          |     3 |     2 |       ||     5
       Paralysed         |       |       |     4 ||     4
  Eat: Chunk             |     8 |     3 |     1 ||    12
       Ration            |       |     3 |     4 ||     7
Armor: Skin              |    33 |    26 |   200 ||   259
Dodge: Dodged            |    75 |    72 |   237 ||   384
